 Dungeon Crawl Stone Soup version 0.31-a0-819-gf6de2f5ab6 (webtiles) character file.

Game seed: 13956307242103823904

251 Shayle the Magician (level 5, -5/41 HPs)
             Began as a Demonspawn Hedge Wizard on Sept 24, 2023.
             Slain by Grinder (8 damage)
             ... on level 4 of the Dungeon.
             The game lasted 00:10:36 (3689 turns).

Shayle the Magician (Demonspawn Hedge Wizard)       Turns: 3689, Time: 00:10:37

Health: -5/41      AC:  2    Str:  9 (11) XL:     5   Next: 88%
Magic:  10/10      EV: 12    Int: 16 (17) God:
Gold:   246        SH:  0    Dex: 11 (12) Spells: 7/11 levels left

rFire   . . .        p - +4 hand axe (flame)
rCold   . . .        (no shield)
rNeg    . . .        b - +0 robe
rPois   .            c - +0 hat
rElec   .            (no cloak)
rCorr   .            (no gloves)
SInv    .            (no boots)
Will    .....        (no amulet)
Stlth   ++           (no ring)
HPRegen 0.26/turn    (no ring)
MPRegen 0.12/turn

%: no passive effects
@: no status effects
A: demonic touch 1
a: no special abilities


You were on level 4 of the Dungeon.
You visited 1 branch of the dungeon, and saw 4 of its levels.

You collected 246 gold pieces.

Inventory:

Hand Weapons
 a - a +0 dagger
 p - a +4 hand axe of flaming (weapon)
Armour
 b - a +0 robe (worn)
 c - a +0 hat (worn)
Wands
 q - a wand of flame (10)
 t - a wand of charming (6)
Scrolls
 e - a scroll of identify {unknown}
 f - a scroll of fear {unknown}
 h - 2 scrolls of teleportation {unknown}
 i - a scroll of revelation {unknown}
 k - a scroll of immolation {unknown}
 r - a scroll of blinking {unknown}
 s - a scroll of noise {unknown}
Potions
 d - a potion of magic
 g - 2 potions of curing {unknown}
 j - a potion of degeneration
 l - a potion of might {unknown}
 m - a potion of heal wounds {unknown}
 n - a potion of lignification {unknown}
 o - a potion of attraction {unknown}


   Skills:
 + Level 3.0 Fighting
 - Level 1.7 Dodging
 - Level 3.0 Stealth
 + Level 3.6 Spellcasting
 + Level 2.1 Conjurations
 - Level 1.0 Summonings
 - Level 0.8 Translocations
 + Level 1.5 Air Magic
 + Level 1.6 Poison Magic


You had 7 spell levels left.
You knew the following spells:

 Your Spells              Type           Power      Damage    Failure   Level
a - Magic Dart            Conj           36%        1d4       8%          1
b - Mephitic Cloud        Conj/Pois/Air  8%         N/A       26%         3

Your spell library contained the following spells:

 Spells                   Type           Power      Damage    Failure   Level
 Static Discharge         Conj/Air       16%        2-3/arc   12%         2
 Poisonous Vapours        Pois/Air       16%        N/A       14%         2
 Cigotuvi's Dreadful Rot  Necr/Pois/Air  12%        N/A       17%         2
 Slow                     Hex            8%         N/A       19%         1
 Blink                    Tloc           10%        N/A       19%         2
 Call Imp                 Summ           12%        N/A       19%         2
 Frozen Ramparts          Ice            4%         1d1       47%         3
 Airstrike                Air            3%         2d(1-17)  67%         4
 Summon Lightning Spire   Summ/Air       7%         N/A       71%         4
 Petrify                  Tmut/Erth      2%         N/A       87%         4
 Freezing Cloud           Conj/Ice/Air   3%         6-21      96%         5
 Metabolic Englaciation   Hex/Ice        1%         N/A       99%         5


Dungeon Overview and Level Annotations

Branches:
Dungeon (4/15)
 Temple: D:4-7

Altars:

Annotations:
D:4 Grinder, Natasha


Innate Abilities, Weirdness & Mutations

Your touch may inflict minor irresistible damage on your foes.


Message History

The adder dies!
You see here a hobgoblin corpse.
Grinder is no longer charmed.
Grinder gestures at you. Pain shoots through your body!
You hit Grinder. You burn Grinder.
Grinder is lightly wounded.
Grinder hits you. Grinder misses you.
Unknown command.
You barely miss Grinder.
Grinder is lightly wounded.
Grinder barely misses you.
Unknown command.
You hit Grinder. You burn Grinder. Your touch misses Grinder.
Grinder is lightly wounded.
Grinder gestures at you. You resist with significant effort.
Unknown command.
You barely miss Grinder.
You touch Grinder!
Grinder is heavily wounded.
Grinder gestures at you.
You suddenly lose the ability to move!
Grinder hits you!
You writhe in agony.
Grinder gestures at you.
You barely resist. Grinder hits you!
* * * LOW HITPOINT WARNING * * *
You writhe in agony.
* * * LOW HITPOINT WARNING * * *
Grinder hits you.
* * * LOW HITPOINT WARNING * * *
You writhe in agony.
* * * LOW HITPOINT WARNING * * *
You can move again.
Unknown command.
It was a potion of degeneration.
There was something very wrong with that liquid.
You feel weakened.
You feel dopey.
You feel clumsy. Grinder hits you!
You die...
Grinder says, "Now the real fun starts!"

..........# ......##
..........##.....#. ..
.........<........ ....
#..##.##..........
...#.##..##..##..)......
.........##.)...........
.....##..†..............
#......5###........####
##....@.# #.......##
..........##.###...#
.......?.....# ##..#
............... .....
......##.....#.......
...... ......#.....
...... ....... ......
....##.


You could see Grinder.

Vanquished Creatures
  A jelly (D:3)
  Terence (D:2)
  2 adders
  2 worms (D:2)
  2 dart slugs (D:2)
  11 orcs
  10 endoplasms
  2 giant cockroaches (D:2)
  5 goblins
  5 hobgoblins
  3 jackals (D:2)
  4 kobolds
  5 quokkas
  12 ball pythons
  11 bats
  2 frilled lizards (D:1)
  8 rats
86 creatures vanquished.

Vanquished Creatures (collateral kills)
  A scorpion (D:4)
  An adder (D:4)
  A dart slug (D:4)
3 creatures vanquished.

Grand Total: 89 creatures vanquished

Notes
Turn   | Place    | Note
-------+----------+-------------------------------------------
     0 | D:1      | Shayle the Demonspawn Hedge Wizard began the quest for the
                  | Orb.
     0 | D:1      | Reached XP level 1. HP: 13/13 MP: 4/4
    30 | D:1      | You fall into a shaft and drop 1 floor!
    30 | D:2      | Found a faded altar of an unknown god.
   103 | D:1      | Reached skill level 1 in Fighting
   222 | D:1      | Gained mutation: Your touch may inflict minor irresistible
                  | damage on your foes. [demonic ancestry]
   222 | D:1      | Reached XP level 2. HP: 21/21 MP: 1/6
   725 | D:1      | Reached XP level 3. HP: 27/27 MP: 5/7
  1915 | D:2      | Noticed Terence
  1926 | D:2      | Learned a level 3 spell: Mephitic Cloud
  2339 | D:3      | Reached XP level 4. HP: 33/33 MP: 5/8
  2897 | D:2      | Reached skill level 1 in Air Magic
  2897 | D:2      | Reached skill level 1 in Poison Magic
  3006 | D:2      | Killed Terence
  3007 | D:2      | Reached XP level 5. HP: 16/39 MP: 7/10
  3555 | D:4      | Noticed Natasha
  3573 | D:4      | Noticed a lemure
  3573 | D:4      | Noticed a lemure
  3573 | D:4      | Noticed a lemure
  3660 | D:4      | Noticed Grinder
  3660 | D:4      | Paralysed by Grinder for 3 turns
  3685 | D:4      | Paralysed by Grinder for 4 turns
  3688 | D:4      | HP: 2/41 [Grinder (2)]
  3689 | D:4      | Slain by Grinder

Illustrated notes

Levels and vault maps discovered:
D:1:      spicycebolla_arrival_risky_transporter, layout_loops_corners
D:2:      layout_basic, hellmonk_ecumenical_altar_crossroads,
          minmay_tetromino_t4, uniq_terence
D:3:      minmay_chambers_of_twos, layout_basic
D:4:      layout_cave_pools, minmay_manual_mullet, uniq_grinder, uniq_natasha,
          uniq_pikel

Skill      XL: |  1  2  3  4  5 |
---------------+----------------+-----
Stealth        | 2 3 |  3.0
Fighting       | 1 2 3 |  3.0
Air Magic      | 1 |  1.5
Poison Magic   | 1 |  1.6
Conjurations   | 2 |  2.1
Dodging        | |  1.7
Spellcasting   | |  3.6
Summonings     | |  1.0
Translocations | |  0.8

Action                     |  1- 3 |  4- 6 || total
---------------------------+-------+-------++-------
  Melee: Dagger            |    90 |    21 ||   111
         Touch             |    11 |     9 ||    20
         Punch             |     1 |       ||     1
         Hand axe          |       |    21 ||    21
   Cast: Magic Dart        |    75 |    40 ||   115
         Mephitic Cloud    |       |     2 ||     2
  Evoke: Wand              |       |     2 ||     2
    Use: Potion            |       |     1 ||     1
   Stab: Sleeping          |     8 |     2 ||    10
         Confused          |       |     1 ||     1
 Armour: Robe              |    46 |    27 ||    73
  Dodge: Dodged            |    62 |    24 ||    86

Table legend: (Time is in decaauts)
 A = Elapsed time spent in this place.
 B = Non-inter-level travel time spent in this place.
 C = Inter-level travel time spent in this place.
 D = Time resting spent in this place.
 E = Time spent auto-exploring this place.
 F = Levels seen in this place.
 G = Mean time per level.
                   A        B        C        D        E       F      G
               +--------+--------+--------+--------+--------+-----+--------+
         Total |   3693 |   3647 |     46 |    675 |   2014 |   4 |  923.2 |
       Dungeon |   3693 |   3647 |     46 |    675 |   2014 |   4 |  923.2 |
               +--------+--------+--------+--------+--------+-----+--------+

Top non-repeatable levels by time:
     D:1: 1280 daAuts
     D:2: 1157 daAuts
     D:3: 1112 daAuts
     D:4: 142 daAuts
